 Dungeon Crawl Stone Soup version 0.21.1-1-g345015f (webtiles) character file.

80 zishaf the Skirmisher (level 4, 0/49 HPs)
             Began as an Ogre Berserker on May 6, 2018.
             Was a Believer of Trog.
             Succumbed to an adder's poison
             ... on level 2 of the Dungeon.
             The game lasted 00:03:09 (870 turns).

zishaf the Skirmisher (Ogre Berserker)               Turns: 870, Time: 00:03:10

Health: 0/49       AC:  3    Str: 21    XL:     4   Next: 39%
Magic:  4/4        EV: 10    Int:  8    God:    Trog [**....]
Gold:   34         SH:  0    Dex:  9    Spells: 3/3 levels left

rFire    . . .     SeeInvis .   a - +0 spear
rCold    . . .     Gourm    .   (no shield)
rNeg     . . .     Faith    .   b - +0 animal skin
rPois    .         Spirit   .   (helmet restricted)
rElec    .         Reflect  .   (no cloak)
rCorr    .         Harm     .   (gloves unavailable)
MR       .....                  (boots unavailable)
Stlth    +.........             (no amulet)
HPRegen  0.16/turn              (no ring)
MPRegen  0.09/turn              (no ring)

@: lethally poisoned (0 -> -12)
A: large, unfitting armour, tough skin 1
a: Berserk, Trog's Hand, Burn Spellbooks, Renounce Religion


You were on level 2 of the Dungeon.
You worshipped Trog.
Trog was pleased with you.
You were not hungry.

You visited 1 branch of the dungeon, and saw 2 of its levels.

You collected 34 gold pieces.

Inventory:

Hand Weapons
 a - a +0 spear (weapon)
Armour
 b - a +0 animal skin (worn)
Scrolls
 e - a scroll of amnesia {unknown}
 i - a scroll of fear {unknown}
 k - a scroll of random uselessness {unknown}
 l - a scroll of teleportation {unknown}
 o - 3 scrolls of enchant armour {unknown}
Potions
 f - a potion of magic {unknown}
 g - 4 potions of curing {unknown}
 h - a potion of degeneration {unknown}
 j - a potion of brilliance {unknown}
 m - 2 potions of heal wounds {unknown}
 n - a potion of cancellation {unknown}
 p - a potion of might {unknown}
Comestibles
 c - 2 rations
 d - a chunk of flesh


   Skills:
 + Level 4.9 Fighting
 * Level 4.0 Polearms
 + Level 3.3 Dodging


You had 3 spell levels left.
You didn't know any spells.

Dungeon Overview and Level Annotations

Branches:
Dungeon (2/15)

Altars:


Innate Abilities, Weirdness & Mutations

You are too large for most types of armour.
You have tough skin. (AC +1)


Message History

The worker ant barely misses you.
You hit the worker ant.
You kill the worker ant!
Trog accepts your kill.
Your Polearms skill increases to level 4!
You barely miss the adder.
You feel sick. The adder bites you.
* * * LOW HITPOINT WARNING * * *
The adder bites you.
* * * LOW HITPOINT WARNING * * *
You are lethally poisoned!
The adder poisons you!
You hit the adder but do no damage.
* * * LOW HITPOINT WARNING * * *
You feel sick. The adder bites you.
* * * LOW HITPOINT WARNING * * *
You are more poisoned.
The adder poisons you!
You hit the adder.
The adder is moderately wounded.
You die...

.# #.#.........#.#.####.#
.# #...............<.....
.# ###........(...%.....#
.# ##...รท...####.######
.# ##.....## .# .#
#....## .. .# #K#### ..#
.# ####S# ..# .# ##...@#
..# .# #.....# ..# .#
#.....# .####### #.....#
.......######....#
######...........########
##############.#.........
#..............#.#######.
#)##############.#


You could see an adder and a kobold.

Vanquished Creatures
  A worker ant (D:2)
  2 adders (D:2)
  2 dart slugs (D:1)
  3 leopard geckos (D:1)
  2 bats (D:1)
  A giant cockroach (D:1)
  5 goblins
  4 hobgoblins
  5 ball pythons (D:1)
  3 kobolds
  5 rats
33 creatures vanquished.

Notes
Turn   | Place    | Note
-------+----------+-------------------------------------------
     0 | D:1      | zishaf the Ogre Berserker began the quest for the Orb.
     0 | D:1      | Reached XP level 1. HP: 24/24 MP: 1/1
    47 | D:1      | Reached XP level 2. HP: 32/32 MP: 2/2
   228 | D:1      | Reached XP level 3. HP: 31/40 MP: 3/3
   457 | D:2      | Reached ** piety under Trog
   818 | D:2      | Reached XP level 4. HP: 49/49 MP: 4/4
   869 | D:2      | HP: 1/49 [adder (5)]
   870 | D:2      | Succumbed to an adder's poison

Skill      XL: |  1  2  3  4 |
---------------+-------------+-----
Dodging        | 3 |  3.3
Polearms       | 4 |  4.0
Fighting       | |  4.9

Action                   |  1- 3 |  4- 6 || total
-------------------------+-------+-------++-------
Melee: Spear             |   128 |    15 ||   143
Armor: Animal skin       |    29 |     5 ||    34
Dodge: Dodged            |    57 |     9 ||    66
